 Dungeon Crawl Stone Soup version 0.31-a0-841-g038b102fc3 (webtiles) character file.

Game seed: 17190171118017061710

1466 Kurtz the Cleaver (level 8, -9/52 HPs)
             Began as an Octopode Fighter on Sept 27, 2023.
             Was an Initiate of Gozag.
             Mangled by a kobold brigand
             ... wielding a +0 war axe
              (14 damage)
             ... in a bailey.
             The game lasted 00:05:08 (6960 turns).

Kurtz the Cleaver (Octopode Fighter)                Turns: 6960, Time: 00:05:09

Health: -9/52      AC:  1    Str: 17    XL:     8   Next: 77%
Magic:  8/8        EV: 13    Int: 11    God:    Gozag
Gold:   460        SH:  4    Dex: 11    Spells: 7/7 levels left

rFire   . . .        a - +0 war axe
rCold   . . .        b - +0 buckler
rNeg    . . .        (helmet restricted)
rPois   .            (no amulet)
rElec   .            (no ring)
rCorr   .            (no ring)
SInv    .            (no ring)
Will    .....        (no ring)
Stlth   ++           (no ring)
HPRegen 0.28/turn    (no ring)
MPRegen 0.11/turn    (no ring)
                     (no ring)

%: no passive effects
@: mighty, gold aura
A: almost no armour, amphibious, 8 rings, camouflage 1, gelatinous body 1,
(nimble swimmer 1), tentacles
a: Renounce Religion, Potion Petition, Call Merchant, Bribe Branch


You were in a bailey.
You worshipped Gozag.
Gozag was aware of your devotion.
You visited 2 branches of the dungeon, and saw 8 of its levels.
You also visited: Bailey.

You collected 573 gold pieces.
You paid 113 gold pieces to Gozag.

Inventory:

Hand Weapons
 a - a +0 war axe (weapon)
Missiles
 i - 10 poisoned darts
 j - 10 boomerangs
Armour
 b - a +0 buckler (worn)
Wands
 q - a wand of flame (15)
 r - a wand of polymorph (12)
 t - a wand of paralysis (6) (quivered)
Scrolls
 f - a scroll of acquirement {unknown}
 g - 2 scrolls of noise {unknown}
 h - a scroll of fog {unknown}
 k - 2 scrolls of torment {unknown}
 m - 2 scrolls of poison {unknown}
 n - 2 scrolls of identify {unknown}
 o - 2 scrolls of vulnerability
 s - a scroll of immolation {unknown}
 v - a scroll of brand weapon {unknown}
Potions
 c - a potion of might
 d - 4 potions of heal wounds {unknown}
 e - 2 potions of curing {unknown}
 l - 2 potions of brilliance {unknown}
 p - a potion of attraction {unknown}
 u - a potion of lignification {unknown}
 w - a potion of magic {unknown}


   Skills:
 - Level 3.0 Fighting
 * Level 10.8 Axes
 - Level 3.0 Dodging
 - Level 3.0 Shields


You had 7 spell levels left.
You didn't know any spells.
Your spell library contained the following spells:

 Spells                   Type           Power      Damage    Failure   Level
 Slow                     Hex            0%         N/A       41%         1
 Confusing Touch          Hex            0%         N/A       80%         3
 Inner Flame              Hex/Fire       0%         N/A       80%         3
 Sigil of Binding         Hex            0%         N/A       80%         3
 Vampiric Draining        Necr           0%         2d6       80%         3
 Yara's Violent Unravell  Hex/Tmut       0%         3d3       100%        5
 Enfeeble                 Hex            0%         N/A       100%        7


Dungeon Overview and Level Annotations

Branches:
Dungeon (7/15)             Temple (1/1) D:5          Bailey (1/1)

Altars:
Cheibriados
Dithmenos
Elyvilon
Fedhas
Gozag
Hepliaklqana
Kikubaaqudgha
Makhleb
Nemelex Xobeh
Qazlal
Ru
Sif Muna
Uskayaw
Xom
Zin
The Shining One

Annotations:
D:4 3 runed translucent doors, PowderKeg's ghost, amateur OpSh


Innate Abilities, Weirdness & Mutations

You cannot wear most types of armour.
You are amphibious.
You can wear up to eight rings at the same time.
Your skin changes colour to match your surroundings (Stealth+).
Your rubbery body absorbs attacks. (AC +1, EV +1)
((You are camouflaged when in or above water. (Stealth+)))
You have tentacles for arms and can constrict up to eight enemies at once.


Message History

The kobold brigand is distracted by your dazzling golden aura.
An orc warrior comes into view. It is wielding a +0 war axe.
You hit the orc warrior. Your grab misses the orc warrior.
You squeeze the orc warrior.
The orc warrior is moderately wounded.
You hit the kobold brigand.
The kobold brigand is no longer distracted by gold.
The orc warrior hits you with a +0 war axe!
The kobold brigand closely misses you.
You hit the orc warrior. Your grab misses the orc warrior.
Your squeeze misses the orc warrior.
The orc warrior is heavily wounded.
You hit the kobold brigand.
The orc warrior hits you with a +0 war axe.
The kobold brigand hits you with a +0 war axe!
Unknown command.
You slash the kobold brigand! Your grab misses the kobold brigand.
You squeeze the kobold brigand.
The kobold brigand is severely wounded.
You closely miss the orc warrior. You block the orc warrior's attack.
The kobold brigand hits you with a +0 war axe!
Unknown command.
You feel very mighty all of a sudden.
The orc warrior hits you with a +0 war axe!
* * * LOW HITPOINT WARNING * * *
You block the kobold brigand's attack.
Unknown command.
You miss the kobold brigand. Your grab misses the kobold brigand.
You squeeze the kobold brigand!
You kill the kobold brigand!
You slash the orc warrior! The orc warrior closely misses you.
Unknown command.
You hit the orc warrior. Your grab misses the orc warrior.
Your squeeze misses the orc warrior.
The orc warrior is almost dead.
You slash the kobold brigand! You closely miss the orc warrior.
The orc warrior misses you. The orc warrior barely misses you.
The kobold brigand hits you with a +0 war axe!
You die...
Your body crumbles into a pile of gold.

#....~~.......~~....
#.###~~.......~~###.#
#....~~.......~~....#
#.###~~...$...~~###.#
#....~~.......~~....#
#.###~~.......~~###.#
#....~~.......~~....
#####~~....K..~~####
##~....o@.~##
####''o#### #...K.
#∩....? #...8..
##..(..# ###'# ..


You could see 2 orc warriors and 2 kobold brigands.

Vanquished Creatures
  Grinder (D:4)
  An orc warrior (Bailey)
  A black bear (D:6)
  An ogre (D:6)
  5 kobold brigands
  A bullfrog (D:6)
  A scorpion (D:6)
  4 howler monkeys
  A jelly (D:4)
  3 hounds
  An iguana (D:5)
  Robin (D:2)
  8 gnolls
  5 adders
  A white imp (D:5)
  3 worms (D:2)
  2 dart slugs
  8 orcs
  6 bats
  3 endoplasms
  2 giant cockroaches
  8 goblins (D:2)
  6 hobgoblins
  7 jackals
  3 quokkas
  3 ball pythons
  3 frilled lizards
  15 kobolds
  2 rats (D:2)
106 creatures vanquished.

Notes
Turn   | Place    | Note
-------+----------+-------------------------------------------
     0 | D:1      | Kurtz the Octopode Fighter began the quest for the Orb.
     0 | D:1      | Reached XP level 1. HP: 16/16 MP: 1/1
   561 | D:1      | Reached XP level 2. HP: 16/21 MP: 2/2
   637 | D:1      | Found a faded altar of an unknown god.
   815 | D:2      | Reached skill level 3 in Axes
   947 | D:2      | Noticed Robin
   955 | D:2      | Killed Robin
   956 | D:2      | Reached XP level 3. HP: 17/26 MP: 3/3
  1369 | D:2      | Reached skill level 4 in Axes
  1508 | D:2      | Reached XP level 4. HP: 25/31 MP: 4/4
  2237 | D:3      | Found a hazy altar of Hepliaklqana.
  2647 | D:4      | Found a runed translucent gate.
  2647 | D:4      | Found a runed translucent gate.
  2647 | D:4      | Found a runed translucent gate.
  2773 | D:4      | Reached skill level 5 in Axes
  2773 | D:4      | Reached XP level 5. HP: 36/36 MP: 5/5
  2840 | D:4      | Found a sparkling altar of Nemelex Xobeh.
  2940 | D:4      | Found a glowing golden altar of the Shining One.
  3064 | D:4      | Noticed Grinder
  3070 | D:4      | Killed Grinder
  3071 | D:4      | Reached skill level 6 in Axes
  3071 | D:4      | Reached XP level 6. HP: 40/42 MP: 6/6
  3241 | D:4      | Reached skill level 7 in Axes
  3469 | D:4      | Noticed PowderKeg's ghost (amateur OpSh)
  3890 | D:4      | Identified the +0 chain mail of the Game Afoot {rPois
                  | Regen+ Str+3 Dex+3}
  3941 | D:5      | Entered Level 5 of the Dungeon
  3989 | D:5      | Reached XP level 7. HP: 41/46 MP: 7/7
  4277 | D:5      | Found a stormy altar of Qazlal.
  4453 | D:5      | Found a staircase to the Ecumenical Temple.
  4463 | Temple   | Entered the Ecumenical Temple
  4484 | Temple   | Became a worshipper of Gozag Ym Sagoz the Greedy
  4960 | D:6      | Reached skill level 8 in Axes
  5646 | D:6      | Reached skill level 9 in Axes
  5646 | D:6      | Reached XP level 8. HP: 40/52 MP: 8/8
  6692 | D:7      | Found a flagged portal.
  6701 | Bailey   | Entered a bailey
  6760 | Bailey   | Reached skill level 10 in Axes
  6960 | Bailey   | Mangled by a kobold brigand

Illustrated notes

Levels and vault maps discovered:
D:1:      saegor_arrival_fortress, layout_basic,
          dilly_ecumenical_altar_fadedgnrine, dreamdust_mushroom_princess,
          minivault_24, kennysheep_crisscross, minmay_pentomino_x2
D:2:      layout_loops_ring, uniq_robin
D:3:      layout_loops_corners, worldfamousw_hep_ancestral_shrine
D:4:      layout_basic, tso_metal_star, mainiacjoe_overflow_brackets,
          biasface_ghost_orc_armoury, chequers_serial_rivers_micro_c,
          hangedman_abyss_or_decor_lesser_grid, uniq_grinder
D:5:      layout_gridville, lemuel_tele_altar, minmay_temple_entry_slanted
D:6:      dreamdust_elfheim, layout_basic, roderic_roman_lattice
D:7:      layout_cave_pools, lemuel_doored_altar, dk_yredelemnul_ordeal,
          nicolae_overflow_squiral, ebering_ghost_rock_garden, enter_bailey_2,
          hangedman_glass_teeth, uniq_duvessa
Temple:   nicolae_temple_godzebo
Bailey:   bailey_axe_3, bailey

Skill      XL: |  1  2  3  4  5  6  7  8 |
---------------+-------------------------+-----
Axes           | 3 4 5 6 7 9 10 | 10.8
Fighting       | |  3.0
Dodging        | |  3.0
Shields        | |  3.0

Action                     |  1- 3 |  4- 6 |  7- 9 || total
---------------------------+-------+-------+-------++-------
  Melee: War axe           |    57 |    69 |   101 ||   227
         Constrict         |    11 |    15 |    27 ||    53
         Tentacles         |     4 |    16 |    30 ||    50
         Punch             |       |     3 |       ||     3
  Throw: Boomerang         |       |       |     4 ||     4
  Evoke: Wand              |       |       |     5 ||     5
    Use: Scroll            |       |       |     1 ||     1
         Potion            |       |       |     1 ||     1
   Stab: Sleeping          |     6 |     8 |     2 ||    16
         Distracted        |       |       |     2 ||     2
         Paralysed         |       |       |     7 ||     7
 Armour: Skin              |    25 |    26 |    60 ||   111
  Dodge: Dodged            |    25 |    38 |    70 ||   133
  Block: Buckler           |    14 |    17 |    22 ||    53

Table legend: (Time is in decaauts)
 A = Elapsed time spent in this place.
 B = Non-inter-level travel time spent in this place.
 C = Inter-level travel time spent in this place.
 D = Time resting spent in this place.
 E = Time spent auto-exploring this place.
 F = Levels seen in this place.
 G = Mean time per level.
                   A        B        C        D        E       F      G
               +--------+--------+--------+--------+--------+-----+--------+
         Total |   7014 |   6352 |    662 |    729 |   4773 |   9 |  779.3 |
       Dungeon |   6711 |   6090 |    621 |    620 |   4769 |   7 |  958.7 |
        Temple |     42 |      1 |     41 |      0 |      0 |   1 |   42.0 |
        Bailey |    260 |    260 |      0 |    109 |      4 |   1 |  260.0 |
               +--------+--------+--------+--------+--------+-----+--------+

Top non-repeatable levels by time:
     D:4: 1434 daAuts
     D:6: 1398 daAuts
     D:2: 1102 daAuts
     D:5: 1099 daAuts
     D:3: 848 daAuts
     D:1: 810 daAuts
  Bailey: 260 daAuts
  Temple: 42 daAuts
     D:7: 16 daAuts
